 Dungeon Crawl Stone Soup version 0.28-a0-297-g99b01970c5 (webtiles) character file.

Game seed: 2669668673843867495

228 Colgate the Stinger (level 5, -3/38 HPs)
             Began as a Draconian Venom Mage on Aug 29, 2021.
             Slain by a scorpion (7 damage)
             ... on level 3 of the Dungeon.
             The game lasted 00:26:42 (8512 turns).

Colgate the Stinger (Draconian Venom Mage)          Turns: 8512, Time: 00:26:42

Health: -3/38      AC:  5    Str: 10    XL:     5   Next: 71%
Magic:  2/8        EV: 12    Int: 16    God:
Gold:   147        SH:  0    Dex: 12    Spells: 5/8 levels left

rFire   . . .      SeeInvis .   a - +0 flail
rCold   . . .      Faith    .   (no shield)
rNeg    + . .      Spirit   .   (armour unavailable)
rPois   .          Reflect  .   (helmet restricted)
rElec   .          Harm     .   (no cloak)
rCorr   .          Rampage  .   (no gloves)
Will    .....                   (no boots)
Stlth   ++........              (no amulet)
HPRegen 0.12/turn               e - ring of positive energy
MPRegen 0.11/turn               (no ring)

@: no status effects
A: AC +5, unfitting armour, cold-blooded
a: no special abilities


You were on level 3 of the Dungeon.
You visited 1 branch of the dungeon, and saw 3 of its levels.

You collected 147 gold pieces.

Inventory:

Hand Weapons
 a - a +0 flail (weapon)
 b - a +0 hunting sling
Missiles
 d - 53 stones
 l - 8 javelins
 o - 14 poisoned darts
Jewellery
 e - a ring of positive energy (left hand)
Scrolls
 c - 3 scrolls of fear {unknown}
 f - a scroll of acquirement {unknown}
 g - a scroll of vulnerability {unknown}
 h - a scroll of magic mapping {unknown}
 k - a scroll of fog {unknown}
 p - a scroll of identify
 q - a scroll of teleportation {unknown}
Potions
 i - 3 potions of curing
 j - a potion of flight
 m - a potion of invisibility
 n - a potion of degeneration {unknown}


   Skills:
 - Level 1.7 Dodging
 - Level 1.7 Stealth
 - Level 2.0 Spellcasting
 - Level 1.0 Transmutations
 - Level 2.3 Air Magic
 + Level 5.9 Poison Magic


You had 5 spell levels left.
You knew the following spells:

 Your Spells              Type           Power      Damage    Failure   Level
a - Sting                 Tmut/Pois      48%        1d5       4%          1
b - Poisonous Vapours     Pois/Air       28%        N/A       6%          2

Your spell library contained the following spells:

 Spells                   Type           Power      Damage    Failure   Level
 Olgreb's Toxic Radiance  Pois           20%        N/A       19%         4
 Summon Small Mammal      Summ           4%         N/A       21%         1
 Mephitic Cloud           Conj/Pois/Air  10%        N/A       21%         3
 Call Canine Familiar     Summ           1%         N/A       52%         3
 Summon Guardian Golem    Hex/Summ       1%         N/A       52%         3


Dungeon Overview and Level Annotations

Branches:
Dungeon (3/15)

Altars:


Innate Abilities, Weirdness & Mutations

Your plain brown scales are hard. (AC +5)
You cannot fit into any form of body armour.
You are cold-blooded and may be slowed by cold attacks.


Message History

Poisonous vapours surround the orc!
The orc is poisoned.
The orc shouts!
Poisonous vapours surround the orc!
The orc looks even sicker.
Poisonous vapours surround the orc!
The orc looks even sicker.
Poisonous vapours surround the orc!
The orc looks as sick as possible!
There is a large open door here.
There is a large open door here.
You kill the orc!
b - a +0 hunting sling (weapon)
You shoot a stone. The stone hits the scorpion.
The scorpion is lightly wounded.
You shoot a stone. The stone hits the scorpion.
The scorpion is moderately wounded.
a - a +0 flail (weapon)
The shadow imp shouts!
You hit the scorpion but do no damage.
The scorpion is lightly wounded.
The scorpion stings you but does no damage.
You hit the scorpion.
The scorpion is moderately wounded.
The scorpion barely misses you. The scorpion stings you.
You hit the scorpion but do no damage.
The scorpion is moderately wounded.
The shadow imp gestures at you. Pain shoots through your body!
The scorpion stings you! x2
You are too injured to fight recklessly!
You hit the scorpion but do no damage.
The scorpion is lightly wounded.
The scorpion stings you.
* * * LOW HITPOINT WARNING * * *
You closely miss the scorpion.
The scorpion is lightly wounded.
The scorpion closely misses you. The scorpion stings you.
* * * LOW HITPOINT WARNING * * *
The shadow imp hits you.
* * * LOW HITPOINT WARNING * * *
You hit the scorpion but do no damage.
The scorpion is lightly wounded.
The scorpion stings you!
You die...

##. ...o.†...####
#..####.#(.......#.
###.#.....#.......... ........#
#............###.####
........###.#..........# #
........##....#......#.## .# #
............. #..###.#..##.# #
.........##.###.###........# ##
.............5@..........#####.
.......)##....#s#''#)#)....)...
.........#......#..#....)..####
.......<.#....###..###o###.####
########......'.#)$#.'.........
#......'.#..#.'..[......
#.#.(..########.........
###).(.....#..#....<......
#......#.#.#''#.#........)


You could see a scorpion and a shadow imp.

Vanquished Creatures
  A hound (D:2)
  4 gnolls
  7 adders
  An ufetubus (D:2)
  3 worms
  A dart slug (D:2)
  7 orcs (D:3)
  9 ball pythons
  A bat (D:1)
  10 endoplasms
  5 giant cockroaches
  3 goblins
  4 hobgoblins
  4 kobolds
  4 quokkas
  8 frilled lizards
  6 rats
78 creatures vanquished.

Vanquished Creatures (others)
  3 plants (D:2)
3 creatures vanquished.

Grand Total: 81 creatures vanquished

Notes
Turn   | Place    | Note
-------+----------+-------------------------------------------
     0 | D:1      | Colgate the Draconian Venom Mage began the quest for the
                  | Orb.
     0 | D:1      | Reached XP level 1. HP: 14/14 MP: 3/3
   354 | D:1      | Reached XP level 2. HP: 20/20 MP: 0/5
   357 | D:1      | Learned a level 2 spell: Poisonous Vapours
  1119 | D:1      | Reached skill level 4 in Poison Magic
  1626 | D:1      | Reached skill level 1 in Air Magic
  1626 | D:1      | Reached XP level 3. HP: 17/26 MP: 1/6
  2351 | D:2      | Reached XP level 4. HP: 28/33 MP: 0/7
  3757 | D:2      | Reached skill level 5 in Poison Magic
  3938 | D:3      | Reached XP level 5. HP: 38/38 MP: 1/8
  8512 | D:3      | Slain by a scorpion

Illustrated notes

Levels and vault maps discovered:
D:1:      eino_arrival_cavern_d, layout_loops_cross
D:2:      cheibrodos_old_hovel, layout_loops_corners, minmay_misc_feat_doors,
          minivault_14
D:3:      layout_rooms, dreamdust_ecumenical_altar_statues, serial_shops, shop,
          minmay_mini_jars

Skill      XL: |  1  2  3  4 |
---------------+-------------+-----
Poison Magic   | 4 5 |  5.9
Air Magic      | 1 2 |  2.3
Dodging        | |  1.7
Stealth        | |  1.7
Spellcasting   | |  2.0
Transmutations | |  1.0

Action                   |  1- 3 |  4- 6 || total
-------------------------+-------+-------++-------
Melee: Unarmed           |    11 |       ||    11
       Tailslap          |    10 |     5 ||    15
       Dagger            |     4 |       ||     4
       Short sword       |    38 |    24 ||    62
       Flail             |       |    36 ||    36
 Fire: Hunting sling     |       |    16 ||    16
Throw: Javelin           |       |     1 ||     1
 Cast: Sting             |    17 |       ||    17
       Poisonous Vapours |    36 |   112 ||   148
  Use: Scroll            |     1 |     2 ||     3
 Stab: Sleeping          |     4 |       ||     4
Armor: Skin              |    14 |    22 ||    36
Dodge: Dodged            |    38 |    48 ||    86

Table legend: (Time is in decaauts)
 A = Elapsed time spent in this place.
 B = Non-inter-level travel time spent in this place.
 C = Inter-level travel time spent in this place.
 D = Time resting spent in this place.
 E = Time spent auto-exploring this place.
 F = Levels seen in this place.
 G = Mean time per level.
                   A        B        C        D        E       F      G
               +--------+--------+--------+--------+--------+-----+--------+
         Total |   8538 |   8193 |    345 |   2133 |   4910 |   3 | 2846.0 |
       Dungeon |   8538 |   8193 |    345 |   2133 |   4910 |   3 | 2846.0 |
               +--------+--------+--------+--------+--------+-----+--------+

Top non-repeatable levels by time:
     D:2: 3893 daAuts
     D:1: 2409 daAuts
     D:3: 2235 daAuts
